 Dungeon Crawl Stone Soup version 0.27-a0-931-g5a74e75d8f (webtiles) character file.

Game seed: 5033864234639006557

16 Alarkh the Insei (level 2, 13/23 HPs)
             Began as a Demonspawn Gladiator on Apr 10, 2021.
             Got out of the dungeon alive.
             The game lasted 00:00:27 (693 turns).

Alarkh the Insei (Demonspawn Gladiator)              Turns: 693, Time: 00:00:27

Health: 13/23      AC:  4    Str: 14    XL:     2   Next: 37%
Magic:  2/2        EV: 12    Int:  9    God:
Gold:   11         SH:  0    Dex: 14    Spells: 1/1 levels left

rFire    . . .     SeeInvis .     - Unarmed
rCold    . . .     Faith    .   (no shield)
rNeg     . . .     Spirit   .   a - +0 leather armour
rPois    .         Reflect  .   b - +0 helmet
rElec    .         Harm     .   (no cloak)
rCorr    .         Rampage  .   (no gloves)
Will     .....                  (no boots)
Stlth    +.........             (no amulet)
HPRegen  0.07/turn              (no ring)
MPRegen  0.08/turn              (no ring)

@: no status effects
A: hooves 1
a: no special abilities


You escaped.
You visited 1 branch of the dungeon, and saw 1 of its levels.

You collected 11 gold pieces.

Inventory:

Missiles
 c - 3 throwing nets (quivered)
Armour
 a - a +0 leather armour (worn)
 b - a +0 helmet (worn)
Scrolls
 e - a scroll of torment {unknown}
 f - a scroll of fog {unknown}
Potions
 d - a potion of curing {unknown}


   Skills:
 + Level 2.3 Fighting
 - Level 1.7 Throwing
 - Level 2.6 Dodging
 * Level 3.2 Unarmed Combat


You had one spell level left.
You didn't know any spells.
Your spell library was empty.

Dungeon Overview and Level Annotations

Branches:
Dungeon (1/15)

Altars:


Innate Abilities, Weirdness & Mutations

You have large cloven feet.


Message History

You miss the jackal. Your kick misses the jackal. The jackal bites you.
You hit the jackal. You kick the jackal, but do no damage.
The jackal is moderately wounded.
The jackal bites you but does no damage.
You barely miss the jackal.
The jackal is moderately wounded.
The jackal bites you but does no damage.
The jackal closely misses you.
You hit the jackal but do no damage. You kick the jackal.
The jackal is heavily wounded.
The jackal barely misses you.
You hit the jackal.
The jackal is severely wounded.
The jackal barely misses you.
You hit the jackal.
You kill the jackal!
You hit the endoplasm.
You kill the endoplasm!
You see here a jackal corpse.
Unknown command.
Found a lumpy amethyst potion.
There is an open door here.
There is an open door here.
The human shouts!
There is an open door here.
The elf shouts!
The palentonga shouts!
The vine stalker shouts!
The tengu shouts!
The naga shouts!
The octopode shouts!
The draconian roars!
The ogre shouts!
The demonspawn shouts!
The felid hisses angrily.
The dwarf shouts!
The centaur shouts!
The orc shouts!
The merfolk shouts!
The kobold shouts!
The troll shouts!
The barachi shouts!
The demigod shouts!
The spriggan shouts!
The formicid shouts!
There is an open door here.
There is a staircase leading out of the dungeon here.
Are you sure you want to leave the Dungeon?
This will make you lose the game!
You have escaped!

..#....#.# #.#
..#..###.###.#
.....# #.....#
###.## #.#####
....# #.#
###############
#O#h#n#o#K#F#i####
###############..#
..............'.@#
###############..#
#6#g#c#m#T#p#B####
###############


There were no monsters in sight!

Vanquished Creatures
  An endoplasm (D:1)
  A giant cockroach (D:1)
  7 jackals (D:1)
  2 kobolds (D:1)
  A bat (D:1)
  A frilled lizard (D:1)
13 creatures vanquished.

Notes
Turn   | Place    | Note
-------+----------+-------------------------------------------
     0 | D:1      | Alarkh the Demonspawn Gladiator began the quest for the
                  | Orb.
     0 | D:1      | Reached XP level 1. HP: 16/16 MP: 1/1
     2 | D:1      | Noticed a spriggan
     2 | D:1      | Noticed a formicid
     4 | D:1      | Noticed a barachi
     4 | D:1      | Noticed a demigod
     6 | D:1      | Noticed a troll
     8 | D:1      | Noticed a merfolk
    10 | D:1      | Noticed a ghoul
    10 | D:1      | Noticed a centaur
    12 | D:1      | Noticed a felid
    12 | D:1      | Noticed a dwarf
    14 | D:1      | Noticed an ogre
    14 | D:1      | Noticed a demonspawn
    16 | D:1      | Noticed a draconian
    18 | D:1      | Noticed a minotaur
    18 | D:1      | Noticed a vampire
    20 | D:1      | Noticed a naga
    20 | D:1      | Noticed an octopode
    22 | D:1      | Noticed a vine stalker
    22 | D:1      | Noticed a tengu
    24 | D:1      | Noticed an elf
    24 | D:1      | Noticed a palentonga
    26 | D:1      | Noticed a gargoyle
    26 | D:1      | Noticed a human
   244 | D:1      | Reached skill level 3 in Unarmed Combat
   599 | D:1      | Gained mutation: You have large cloven feet. [demonic
                  | ancestry]
   599 | D:1      | Reached XP level 2. HP: 14/22 MP: 2/2
   693 | D:$      | Got out of the dungeon alive.

Illustrated notes

Levels and vault maps discovered:
D:1:      kb_arrival_jail, layout_basic, ebering_ecumenical_altar_webs

Skill      XL: |  1 |
---------------+----+-----
Unarmed Combat | 3 |  3.2
Fighting       | |  2.3
Throwing       | |  1.7
Dodging        | |  2.6

Action                   || total
-------------------------++-------
Melee: Unarmed           ||    68
       Kick              ||     8
       Punch             ||     1
Armor: Leather armour    ||    32
Dodge: Dodged            ||    48

Table legend: (Time is in decaauts)
 A = Elapsed time spent in this place.
 B = Non-inter-level travel time spent in this place.
 C = Inter-level travel time spent in this place.
 D = Time resting spent in this place.
 E = Time spent auto-exploring this place.
 F = Levels seen in this place.
 G = Mean time per level.
                   A        B        C        D        E       F      G
               +--------+--------+--------+--------+--------+-----+--------+
         Total |    689 |    626 |     63 |      0 |    530 |   1 |  689.0 |
       Dungeon |    689 |    626 |     63 |      0 |    530 |   1 |  689.0 |
               +--------+--------+--------+--------+--------+-----+--------+

Top non-repeatable levels by time:
     D:1: 689 daAuts
